 Dungeon Crawl Stone Soup version 0.31-a0-208-gdb31a4691d (webtiles) character file.

Game seed: 6882308212212669857

65933 jt the Dancer (level 15, -21/81 HPs)
             Began as a Vine Stalker Delver on June 28, 2023.
             Was a Follower of Uskayaw.
             Demolished by a caustic shrike simulacrum (22 damage)
             ... in an ice cave on June 29, 2023.
             The game lasted 01:18:23 (18163 turns).

jt the Dancer (Vine Stalker Delver)                Turns: 18163, Time: 01:18:23

Health: -21/81     AC: 13    Str: 10    XL:     15   Next: 18%
Magic:  0/27       EV: 11    Int: 14    God:    Uskayaw [*.....]
Gold:   843        SH:  8    Dex: 26    Spells: 21/26 levels left

rFire   + + .        a - +8 dagger of Gallantry {protect, rElec rF+ SInv}
rCold   + . .        u - +0 buckler
rNeg    + . .        G - +1 leather armour "Pulask" {rElec rC+ Str-5 Dex+7}
rPois   .            x - +0 helmet
rElec   +            z - +4 cloak of Noughts and Crosses {Regen+}
rCorr   +            V - +0 pair of gloves
SInv    +            O - +0 pair of boots
Will    +++..        t - amulet of regeneration
Stlth   ++++         Y - ring "Roty" {Fly rF+ Will+ rCorr}
HPRegen 2.73/turn    H - ring of Midnight {rN+ Will+}
MPRegen 0.20/turn

%: guardian spirit
@: flying, studying Throwing
A: fangs 3, regeneration 1, magic shield, antimagic bite, no potion heal 2
a: Renounce Religion, Stomp


You were in an ice cave.
You worshipped Uskayaw.
Uskayaw was pleased with you.
You visited 4 branches of the dungeon, and saw 19 of its levels.
You also visited: Gauntlet and Ice Cave.

You collected 1283 gold pieces.
You spent 440 gold pieces at shops.

Inventory:

Hand Weapons
 a - the +8 dagger of Gallantry (weapon) {protect, rElec rF+ SInv}
   (You found it on level 2 of the Dungeon)

   rF:        It protects you from fire.
   rElec:     It insulates you from electricity.
   SInv:      It lets you see invisible.
 S - the +6 war axe "Apial" {heavy, rCorr}
   (You took it off a minotaur in a Gauntlet)

   rCorr:     It protects you from acid and corrosion.
Missiles
 j - 6 javelins
 A - 5 silver javelins
 M - 16 poisoned darts (quivered)
 Q - 4 curare-tipped darts
Armour
 e - a scarf of resistance
 r - +0 swamp dragon scales
 u - a +0 buckler (worn)
 x - a +0 helmet (worn)
 z - the +4 cloak of Noughts and Crosses (worn) {Regen+}
   (You found it in a Gauntlet)

   Regen:     It increases your rate of health regeneration.
 C - the +0 tower shield of Houteesere {rPois Str+2 Stlth+}
   (You took it off a minotaur in a Gauntlet)

   Str:       It affects your strength (+2).
   rPois:     It protects you from poison.
   Stlth:     It makes you more stealthy.
 G - the +1 leather armour "Pulask" (worn) {rElec rC+ Str-5 Dex+7}
   (You found it in a Gauntlet)

   Str:       It affects your strength (-5).
   Dex:       It affects your dexterity (+7).
   rC:        It protects you from cold.
   rElec:     It insulates you from electricity.
 N - the +2 robe of Pajonae {rPois rN++ Int+3 Dex-4}
   (You took it off a goblin on level 4 of the Dungeon)

   Int:       It affects your intelligence (+3).
   Dex:       It affects your dexterity (-4).
   rPois:     It protects you from poison.
   rN:        It greatly protects you from negative energy.
 O - a +0 pair of boots (worn)
 V - a +0 pair of gloves (worn)
Magical Staves
 P - a staff of earth
Jewellery
 k - a +6 ring of dexterity
 t - an amulet of regeneration (around neck)
 H - the ring of Midnight (right hand) {rN+ Will+}
   (You found it in a Gauntlet)

   [ring of willpower]

   rN:        It protects you from negative energy.
   Will:      It increases your willpower.
 Y - the ring "Roty" (left hand) {Fly rF+ Will+ rCorr}
   (You found it on level 8 of the Dungeon)

   [ring of willpower]

   rF:        It protects you from fire.
   Fly:       It grants you flight.
   rCorr:     It protects you from acid and corrosion.
   Will:      It increases your willpower.
Wands
 b - a wand of mindburst (12)
 g - a wand of digging (11)
 n - a wand of iceblast (1)
 R - a wand of flame (21)
 X - a wand of polymorph (10)
Scrolls
 c - 6 scrolls of fog
 l - 2 scrolls of teleportation
 m - a scroll of vulnerability
 p - 2 scrolls of silence
 w - 2 scrolls of brand weapon
 y - 5 scrolls of immolation
 B - 5 scrolls of enchant armour
 U - 2 scrolls of identify
 Z - 5 scrolls of revelation
Potions
 f - a potion of haste
 h - 2 potions of enlightenment
 i - 5 potions of curing
 v - 2 potions of cancellation
 K - 3 potions of brilliance
 L - a potion of mutation
Miscellaneous
 W - a phial of floods


   Skills:
 - Level 10.4 Fighting
 - Level 10.0 Short Blades
 - Level 6.0 Throwing
 + Level 5.5 Armour
 - Level 1.5 Dodging
 - Level 6.0 Stealth
 - Level 8.0 Shields
 + Level 6.3 Spellcasting
 + Level 2.7 Translocations
 + Level 6.2 Fire Magic
 + Level 15.5 Invocations
 + Level 2.6 Evocations


You had 21 spell levels left.
You knew the following spells:

 Your Spells              Type           Power      Damage    Failure   Level
a - Scorch                Fire           42%        2d6       3%          2
b - Volatile Blastmotes   Fire/Tloc      34%        2d12      12%         3

Your spell library contained the following spells:

 Spells                   Type           Power      Damage    Failure   Level
 Blink                    Tloc           24%        N/A       13%         2
 Momentum Strike          Conj/Tloc      16%        3d8       22%         2
 Beastly Appendage        Tmut           8%         N/A       26%         1
 Slow                     Hex            16%        N/A       26%         1
 Ignite Poison            Fire/Tmut/Pois 10%        N/A       32%         3
 Call Imp                 Summ           8%         N/A       36%         2
 Cigotuvi's Dreadful Rot  Necr/Pois/Air  8%         N/A       36%         2
 Sublimation of Blood     Necr           4%         N/A       36%         2
 Wereblood                Tmut           4%         N/A       36%         2
 Flame Wave               Conj/Fire      13%        2d6       58%         4
 Sticky Flame             Conj/Fire      13%        2d4       58%         4
 Call Canine Familiar     Summ           4%         N/A       61%         3
 Confusing Touch          Hex            4%         N/A       61%         3
 Spider Form              Tmut/Pois      4%         N/A       61%         3
 Summon Guardian Golem    Hex/Summ       4%         N/A       61%         3
 Vampiric Draining        Necr           4%         2d6       61%         3
 Iskenderun's Mystic Bla  Conj/Tloc      8%         2d4       83%         4
 Fulminant Prism          Conj/Hex       2%         3d5       95%         4
 Petrify                  Tmut/Erth      4%         N/A       95%         4
 Alistair's Intoxication  Tmut/Pois      2%         N/A       100%        5
 Irradiate                Conj/Tmut      2%         3d12      100%        5
 Lee's Rapid Deconstruct  Erth           2%         3d4*      100%        5
 Death Channel            Necr           2%         N/A       100%        6
 Summon Cactus Giant      Summ           2%         N/A       100%        6
 Orb of Destruction       Conj           2%         9d5       100%        7
 Spellforged Servitor     Conj/Summ      2%         N/A       100%        7
 Ignition                 Fire           10%        3d5       100%        8


Dungeon Overview and Level Annotations

Branches:
Dungeon (12/15)            Temple (0/1) D:7            Lair (5/5) D:8
  Swamp (1/4) Lair:3       Spider (0/4) Lair:3        Slime (0/5) Lair:5
    Orc (1/2) D:11          IceCv (1/1)             Gauntlet (visited)

Altars:
Ashenzari
Cheibriados
Dithmenos
Elyvilon
Hepliaklqana
Kikubaaqudgha
Qazlal
Uskayaw
Vehumet
Wu Jian

Shops:
D:1 *   D:3 !   D:6 ?[=   D:11 *

Annotations:
D:12 Rupert
Lair:5 exclusion: 4 oklob plants


Innate Abilities, Weirdness & Mutations

You have razor-sharp teeth.
Your natural rate of healing is unusually fast.
When hurt, damage is shared between your health and your magic reserves.
Your bite disrupts and absorbs the magic of your enemies.
Potions cannot restore your health.


Message History

You start resting.
Magic restored.
There is an open door here.
There is an open door here.
You see here a bog body corpse.
There is an open door here.
You reach down and open the door.
A caustic shrike simulacrum comes into view.
You barely miss the caustic shrike simulacrum.
You bite the caustic shrike simulacrum! You drain its power.
The caustic shrike simulacrum is moderately damaged.
The caustic shrike simulacrum claws you!
The caustic shrike simulacrum freezes you!!
You resist.
Unknown command.
Casting: Scorch (safe; 3% risk of failure)
Confirm with . or Enter, or press ? or * to list all spells.
Flames lash the caustic shrike simulacrum.
The caustic shrike simulacrum melts!
The caustic shrike simulacrum is moderately damaged.
The caustic shrike simulacrum's fire resistance burns away.
The caustic shrike simulacrum claws you!!
The caustic shrike simulacrum freezes you!
You resist.
The caustic shrike simulacrum barely misses you.
Aiming: Paralyse
Press: ? - help, Shift-Dir - straight line, f - caustic shrike simulacrum
Aim: a caustic shrike simulacrum (moderately damaged, more vulnerable to fire, chance to affect: 51%)
The caustic shrike simulacrum resists with significant effort.
The now-empty wand crumbles to dust.
The caustic shrike simulacrum claws you!!
* * * LOW HITPOINT WARNING * * *
The caustic shrike simulacrum freezes you!!
You resist.
* * * LOW HITPOINT WARNING * * *
The caustic shrike simulacrum claws you.
* * * LOW HITPOINT WARNING * * *
The caustic shrike simulacrum freezes you!!
You resist.
You die...

###'#...#+##
#...#...#
###.###...###
#...# #...#.#
#'###+#...#'#
#.# +.......+
#†###.8...8.#
#.#.Z.......+
#.###@8...8.#
#.'...........
#.###.8...8.###
#.# +.......+
#.# #.8...8.#
#.# +.......+
#+# ####+####


You could see a caustic shrike simulacrum (combustible).

Vanquished Creatures
  A bunyip (Swamp:1)
  A minotaur (Gauntlet)
  Josephine (D:11)
  6 hydras
  A catoblepas (Lair:2)
  Erica (D:11)
  A boulder beetle (Lair:1)
  2 two-headed ogres
  13 death yaks
  Sonja (Lair:3)
  2 skysharks
  2 obsidian statues (IceCv)
  A goliath frog (Swamp:1)
  A bog body (IceCv)
  2 spriggan simulacra (IceCv)
  Pikel (D:7)
  A deep elf pyromancer (D:12)
  An oklob plant (Lair:4)
  A cyclops (D:12)
  5 elephants
  A manticore (D:12)
  3 black mambas
  14 cane toads
  8 komodo dragons
  2 torpor snails
  Maggie (D:7)
  2 rime drakes
  3 unseen horrors
  5 freezing wraiths (IceCv)
  2 trolls
  9 polar bears
  3 meliai (Gauntlet)
  A tyrant leech (Swamp:1)
  9 hornets
  3 blink frogs (Lair:3)
  16 dream sheep
  Sigmund (D:3)
  9 slime creatures
  9 spriggans (Lair:5)
  3 shadows
  5 wraiths (D:11)
  A wyvern (D:9)
  A basilisk (Lair:4)
  Eustachio (D:6)
  6 vampire mosquitoes
  53 yaks
  A steam dragon (D:9)
  A minotaur simulacrum (IceCv)
  Menkaure (D:5)
  A two-headed ogre zombie (D:11)
  2 swamp worms (Swamp:1)
  2 acid dragons
  7 water moccasins
  3 orc warriors (D:10)
  3 black bears
  An ettin simulacrum (IceCv)
  3 ogres
  4 boggarts (Lair:5)
  32 wolves
  A centaur (Lair:4)
  3 lemures (D:7)
  3 phantoms
  A kobold brigand (D:5)
  11 bullfrogs
  3 scorpions
  2 deep troll simulacra (IceCv)
  15 wights
  A troll zombie (D:11)
  5 killer bees
  3 howler monkeys (D:9)
  6 jellies
  4 hounds
  2 gnoll boudas
  6 orc priests
  A sleepcap (D:5)
  Ijyb (D:4)
  An iron imp (D:7)
  7 iguanas
  Natasha (thrice) (D:3)
  11 orc wizards
  8 hell rats
  6 ogre zombies (D:11)
  12 adders
  11 gnolls
  2 river rats (D:8)
  A shadow imp (D:6)
  2 white imps (D:6)
  2 worms
  2 dart slugs
  25 orcs
  6 ball pythons
  3 bats
  4 endoplasms
  4 giant cockroaches
  11 hobgoblins
  3 jackals (D:5)
  8 quokkas
  3 frilled lizards
  15 goblins
  3 goblin zombies (D:11)
  2 hobgoblin skeletons (D:11)
  3 hobgoblin zombies (D:11)
  11 kobolds
  6 orc skeletons (D:11)
  11 orc zombies (D:11)
  12 rats
543 creatures vanquished.

Vanquished Creatures (others)
  A human (D:9)
  12 foxfires (Swamp:1)
13 creatures vanquished.

Grand Total: 556 creatures vanquished

Notes
Turn   | Place    | Note
-------+----------+-------------------------------------------
     0 | D:5      | jt the Vine Stalker Delver began the quest for the Orb.
     0 | D:5      | Reached XP level 1. HP: 11/11 MP: 2/2
   264 | D:1      | Reached XP level 2. HP: 16/16 MP: 3/3
   275 | D:1      | Found Xunyiqe's Assorted Antiques.
   889 | D:1      | Reached XP level 3. HP: 18/20 MP: 4/4
  1044 | D:2      | Identified the +8 dagger of Gallantry {protect, rElec rF+
                  | SInv}
  1118 | D:2      | Reached skill level 1 in Armour
  1192 | D:2      | Gained mutation: Your natural rate of healing is unusually
                  | fast. [Vine Stalker growth]
  1192 | D:2      | Reached XP level 4. HP: 24/24 MP: 5/5
  1600 | D:2      | Identified the +1 robe "Fuxtounei" {Dex+2}
  2037 | D:3      | Reached XP level 5. HP: 22/29 MP: 3/6
  2080 | D:3      | Found Ycueq's Distillery.
  2080 | D:3      | Noticed Sigmund
  2247 | D:3      | Bought a potion of might for 40 gold pieces
  2247 | D:3      | Bought a potion of curing for 30 gold pieces
  2338 | D:3      | Noticed Natasha
  2346 | D:3      | Killed Natasha
  2363 | D:3      | Found a radiant altar of Vehumet.
  2364 | D:3      | Found a hazy altar of Hepliaklqana.
  2365 | D:3      | Found a white marble altar of Elyvilon.
  2366 | D:3      | Found a hide-covered altar of Uskayaw.
  2380 | D:3      | Became a worshipper of Uskayaw the Reveller
  2885 | D:3      | Noticed Natasha
  2887 | D:3      | Killed Natasha
  2887 | D:3      | Reached * piety under Uskayaw
  2981 | D:4      | Reached ** piety under Uskayaw
  2982 | D:4      | Reached XP level 6. HP: 34/34 MP: 5/7
  3009 | D:4      | Reached *** piety under Uskayaw
  3011 | D:4      | Reached **** piety under Uskayaw
  3499 | D:4      | Reached skill level 1 in Invocations
  3499 | D:4      | Reached XP level 7. HP: 37/38 MP: 4/8
  3546 | D:4      | Found a shadowy altar of Dithmenos.
  3616 | D:4      | Noticed Ijyb
  3714 | D:5      | Reached skill level 5 in Fighting
  3815 | D:5      | Noticed Menkaure
  3822 | D:5      | Killed Menkaure
  3823 | D:5      | Reached skill level 2 in Invocations
  4089 | D:5      | Reached skill level 5 in Short Blades
  4107 | D:5      | Gained mutation: You have razor-sharp teeth. [Vine Stalker
                  | growth]
  4107 | D:5      | Reached XP level 8. HP: 42/44 MP: 6/11
  4123 | D:5      | Reached skill level 3 in Invocations
  4407 | D:5      | Found an ornate altar of the Wu Jian Council.
  4578 | D:6      | Found Vizuegin's Antique Armour Shop.
  4869 | D:6      | Noticed Eustachio
  4878 | D:6      | Killed Eustachio
  4879 | D:6      | Reached skill level 4 in Invocations
  4896 | D:6      | Reached skill level 1 in Throwing
  5101 | D:6      | Found Kuipn's Jewellery Shoppe.
  5287 | D:6      | Found Issou's Magic Scroll Shop.
  5296 | D:6      | Bought a scroll of teleportation for 30 gold pieces
  5375 | D:7      | Found a snail-covered altar of Cheibriados.
  5433 | D:7      | Noticed Maggie
  5455 | D:7      | Found a stormy altar of Qazlal.
  5476 | D:7      | Killed Maggie
  5477 | D:7      | Reached XP level 9. HP: 41/49 MP: 10/13
  5518 | D:7      | Noticed Pikel
  5534 | D:7      | Reached ***** piety under Uskayaw
  5538 | D:7      | Killed Pikel
  5539 | D:7      | Reached skill level 5 in Invocations
  5616 | D:7      | Found a broken altar of Ashenzari.
  5856 | D:7      | Found a staircase to the Ecumenical Temple.
  6321 | D:8      | Identified the ring "Roty" {Fly rF+ Will+ rCorr}
  6364 | D:8      | Reached skill level 6 in Invocations
  6566 | D:8      | Noticed a death yak
  6575 | D:8      | Noticed a death yak
  6579 | D:8      | Noticed a death yak
  6586 | D:8      | Killed a death yak
  6587 | D:8      | Reached XP level 10. HP: 47/56 MP: 14/16
  6595 | D:8      | Killed a death yak
  6596 | D:8      | Reached skill level 7 in Invocations
  6615 | D:8      | Killed a death yak
  6616 | D:8      | Reached ****** piety under Uskayaw
  6697 | D:8      | Found a staircase to the Lair.
  6737 | D:8      | Learned a level 2 spell: Scorch
  7456 | Lair:1   | Entered Level 1 of the Lair of Beasts
  7522 | Lair:1   | Reached skill level 8 in Invocations
  7542 | Lair:1   | Noticed a black mamba
  7560 | Lair:1   | Killed a black mamba
  7561 | Lair:1   | Reached XP level 11. HP: 55/62 MP: 16/18
  7730 | Lair:1   | Reached skill level 9 in Invocations
  7749 | Lair:1   | Reached skill level 10 in Fighting
  8017 | Lair:1   | Noticed a boulder beetle
  8028 | Lair:1   | Killed a boulder beetle
  8352 | D:3      | Noticed Natasha
  8355 | D:3      | Killed Natasha
  8372 | D:3      | Killed Sigmund
  8404 | D:1      | Bought a dazzling rapier for 189 gold pieces
  8404 | D:1      | Identified the +6 rapier of Defilement {venom, Str+3} (You
                  | bought it in a shop on level 1 of the Dungeon)
  8404 | D:1      | Bought a scroll labelled BUYCOTTE MOUMN for 21 gold pieces
  8412 | D:1      | Bought a potion of curing for 63 gold pieces
  8599 | Lair:2   | Reached skill level 10 in Short Blades
  8632 | Lair:2   | Reached skill level 1 in Shields
  8721 | Lair:2   | Noticed a catoblepas
  8728 | Lair:2   | Killed a catoblepas
  8875 | Lair:2   | Reached XP level 12. HP: 44/68 MP: 15/20
  9496 | Lair:3   | Reached skill level 1 in Evocations
  9677 | Lair:2   | Reached skill level 5 in Shields
  9816 | Lair:3   | Reached skill level 1 in Spellcasting
  9816 | Lair:3   | Reached skill level 1 in Fire Magic
  9894 | Lair:3   | Found a staircase to the Swamp.
 10084 | Lair:3   | Found a hole to the Spider Nest.
 10159 | Lair:3   | Noticed Sonja
 10162 | Lair:3   | Killed Sonja
 10503 | Lair:4   | Noticed a four-headed hydra
 10645 | Lair:4   | Noticed a skyshark
 10659 | Lair:4   | Killed a skyshark
 10779 | Lair:4   | Noticed a seven-headed hydra
 10784 | Lair:4   | Killed a seven-headed hydra
 11020 | Lair:4   | Killed a four-headed hydra
 11021 | Lair:4   | Reached XP level 13. HP: 67/72 MP: 21/21
 11097 | Lair:4   | Reached skill level 5 in Spellcasting
 11097 | Lair:4   | Reached skill level 5 in Fire Magic
 11100 | Lair:4   | Got the Incunable of the Dark Throng
 11147 | Lair:4   | Reached skill level 10 in Invocations
 11525 | Lair:5   | Entered Level 5 of the Lair of Beasts
 11560 | Lair:4   | Reached skill level 11 in Invocations
 11660 | Lair:5   | Found a staircase to the Slime Pits.
 11817 | Lair:5   | Reached skill level 12 in Invocations
 12090 | Lair:5   | Reached skill level 13 in Invocations
 12461 | Lair:5   | Reached XP level 14. HP: 77/77 MP: 25/25
 12887 | Lair:5   | Reached skill level 14 in Invocations
 12976 | Lair:5   | Reached skill level 5 in Armour
 13859 | D:4      | Identified the +2 robe of Pajonae {rPois rN++ Int+3 Dex-4}
 13880 | D:4      | Killed Ijyb
 14519 | D:9      | Found an ancient bone altar of Kikubaaqudgha.
 14896 | D:10     | Entered Level 10 of the Dungeon
 15181 | D:10     | Reached skill level 15 in Invocations
 15468 | D:11     | Found Batiun's Elemental Accessories.
 15502 | D:11     | Bought a wand of iceblast (2) for 67 gold pieces
 15513 | D:11     | Found a staircase to the Orcish Mines.
 15709 | D:11     | Noticed Erica
 15721 | D:11     | Killed Erica
 15828 | D:11     | Noticed Josephine
 15915 | D:11     | Killed Josephine
 16381 | D:12     | Learned a level 3 spell: Volatile Blastmotes
 16476 | D:12     | Found a gate leading to a gauntlet.
 16487 | Gauntlet | Entered a Gauntlet
 16487 | Gauntlet | Found a transporter.
 16490 | Gauntlet | Found a transporter.
 16494 | Gauntlet | Found a transporter.
 16501 | Gauntlet | Found a runed translucent door.
 16504 | Gauntlet | Found a transporter.
 16506 | Gauntlet | Found a transporter.
 16515 | Gauntlet | Found a transporter.
 16518 | Gauntlet | Found a transporter.
 16530 | Gauntlet | Found a transporter.
 16531 | Gauntlet | Found a transporter.
 16538 | Gauntlet | Found a transporter.
 16562 | Gauntlet | Found a transporter.
 16574 | Gauntlet | Found a transporter.
 16587 | Gauntlet | Found a transporter.
 16599 | Gauntlet | Found a transporter.
 16692 | Gauntlet | Reached skill level 5 in Throwing
 16721 | Gauntlet | Paralysed by a hornet for 3 turns
 16861 | Gauntlet | Reached skill level 1 in Translocations
 16868 | Gauntlet | Identified the ring of Midnight {rN+ Will+}
 16895 | Gauntlet | Identified the +4 cloak of Noughts and Crosses {Regen+}
 16921 | Gauntlet | Identified the +6 war axe "Apial" {heavy, rCorr}
 16921 | Gauntlet | Identified the +0 tower shield of Houteesere {rPois Str+2
                  | Stlth+}
 16940 | Gauntlet | Identified the +0 ring mail of the Swan {+Inv Str+3}
 16942 | Gauntlet | Identified the +1 leather armour "Pulask" {rElec rC+ Str-5
                  | Dex+7}
 16943 | Gauntlet | Got the Guidebook on Displacement and Nausea
 17036 | D:12     | Identified the +0 ring mail of Gluttony {Dex+5}
 17252 | D:12     | Noticed Rupert
 17299 | Orc:1    | Entered Level 1 of the Orcish Mines
 17299 | Orc:1    | Noticed an orc warlord
 17505 | Swamp:1  | Entered Level 1 of the Swamp
 17552 | Swamp:1  | Reached XP level 15. HP: 43/81 MP: 7/27
 17556 | Swamp:1  | Found a frozen archway.
 17569 | IceCv    | Entered an ice cave
 18163 | IceCv    | HP: 2/81 [caustic shrike simulacrum (19)]
 18163 | IceCv    | Demolished by a caustic shrike simulacrum

Illustrated notes

Levels and vault maps discovered:
D:1:      ncdulo_wetmaze, layout_basic, serial_shops, shop_fountains,
          chequers_serial_rivers_small_a
D:2:      layout_basic, minmay_circle_x
D:3:      layout_basic, chequers_temple_overflow_statue_of_worship,
          serial_shops, shop, serial_bayou, serial_bayou_lake_a,
          serial_bayou_crossing, serial_bayou_pond_c, serial_bayou_shore_a,
          serial_bayou_pond_d, uniq_natasha, uniq_sigmund
D:4:      kennysheep_the_goblin_king, layout_basic,
          nicolae_dithmenos_through_a_glass_darkly
D:5:      layout_loops_ring, lemuel_tele_altar, minivault_24,
          chequers_serial_rivers_small_3, uniq_menkaure, uniq_ijyb
D:6:      layout_loops_ring, serial_shops, nicolae_lakefront_shop,
          nicolae_shop_stone, minmay_misc_feat_encased, nicolae_take_the_stairs,
          uniq_eustachio
D:7:      layout_loops_corners, mainiacjoe_overflow_large_starburst,
          slow_altar_2, minmay_temple_entry_drinking_statues, uniq_maggie,
          uniq_pikel
D:8:      layout_layer_cave, dpeg_lair_monsters
D:9:      layout_basic, tgw_kikubaaqudgha, chequers_mini_garden,
          hangedman_decor_growths
D:10:     layout_big_octagon, chequers_serial_rivers_large_b
D:11:     layout_gridville, zombieorc2_lemuel, chequers_serial_rivers_micro_b,
          nicolae_elemental_shop, uniq_erica, uniq_josephine
D:12:     layout_roguey [special_room_bee], gauntlet_entry_generic,
          jiyva_altar_1, uniq_rupert
Lair:1:   layout_roguey, lemuel_old_faithful, infiniplex_staircase_pool
Lair:2:   layout_regular_city, grunt_megastairs_3
Lair:3:   layout_regular_city, swamp_mist_pool, spider_nest_entry_web_field,
          grunt_megastairs_2, serial_bayou_shore_b, uniq_sonja
Lair:4:   layout_loops_ring, chequers_serial_rivers_small_a, st_stairs_3,
          grunt_forest_large_clearing_hut
Lair:5:   minmay_lair_end_enchanted_forest, layout_gridlike,
          minmay_slime_entry_pillars, dpeg_oklob_1
Swamp:1:  layout_basic_swamp, portal_ice_cave_entry_pillars_2,
          evilmike_swamp_ruin_house_2, uniq_nikola
Orc:1:    layout_caves, basic_altar, nicolae_orc_flooded_monolith
IceCv:    ice_cave_tombish

Skill      XL: |  1  2  3  4  5  6  7  8  9 10 11 12 13 14 15 |
---------------+----------------------------------------------+-----
Short Blades   | 2 3 4 5 6 7 8 10 | 10.0
Fighting       | 3 4 5 6 8 9 10 | 10.4
Armour         | 1 2 3 5 |  5.5
Invocations    | 1 2 4 6 8 9 13 15 | 15.5
Throwing       | 2 5 6 |  6.0
Shields        | 4 7 8 |  8.0
Evocations     | 2 |  2.6
Spellcasting   | 4 5 6 |  6.3
Fire Magic     | 4 5 6 |  6.2
Translocations | 2 |  2.7
Dodging        | |  1.5
Stealth        | |  6.0

Action                     |  1- 3 |  4- 6 |  7- 9 | 10-12 | 13-15 || total
---------------------------+-------+-------+-------+-------+-------++-------
  Melee: Short sword       |    44 |       |       |       |       ||    44
         Bite              |    15 |    32 |    78 |   217 |   447 ||   789
         Dagger            |    43 |   124 |   245 |   491 |  1014 ||  1917
         Punch             |     1 |     2 |     2 |     3 |       ||     8
  Throw: Stone             |       |     1 |     1 |     1 |       ||     3
         Dart              |       |       |    21 |     6 |    44 ||    71
         Boomerang         |       |       |       |     1 |       ||     1
         Javelin           |       |       |       |     2 |     2 ||     4
   Cast: Scorch            |       |       |       |     5 |   123 ||   128
         Volatile Blastmot |       |       |       |       |    15 ||    15
 Invoke: Stomp             |       |       |     1 |     1 |       ||     2
         Line Pass         |       |       |     1 |     1 |     7 ||     9
         Grand Finale      |       |       |       |     3 |     3 ||     6
  Evoke: Wand              |       |       |       |     6 |    35 ||    41
    Use: Potion            |       |       |     5 |       |     7 ||    12
         Scroll            |       |       |     9 |     5 |    18 ||    32
   Stab: Sleeping          |    16 |     9 |     6 |     8 |     6 ||    45
         Distracted        |       |     1 |     2 |       |     1 ||     4
         Paralysed         |       |     1 |     9 |    36 |    73 ||   119
         Confused          |       |       |       |       |     2 ||     2
 Armour: Leather armour    |     3 |       |       |       |    36 ||    39
         Scale mail        |    15 |    39 |    34 |       |       ||    88
         Ring mail         |     1 |       |       |       |       ||     1
         Acid dragon scale |       |       |    18 |   110 |   156 ||   284
         Robe              |       |       |       |       |    17 ||    17
         Swamp dragon scal |       |       |       |       |     4 ||     4
  Dodge: Dodged            |    35 |    51 |   122 |   197 |   437 ||   842
  Block: Buckler           |       |       |       |    42 |   250 ||   292

Table legend: (Time is in decaauts)
 A = Elapsed time spent in this place.
 B = Non-inter-level travel time spent in this place.
 C = Inter-level travel time spent in this place.
 D = Time resting spent in this place.
 E = Time spent auto-exploring this place.
 F = Levels seen in this place.
 G = Mean time per level.
                   A        B        C        D        E       F      G
               +--------+--------+--------+--------+--------+-----+--------+
         Total |  17395 |  15998 |   1397 |    888 |   9334 |  21 |  828.3 |
       Dungeon |  10752 |   9667 |   1085 |    185 |   6372 |  12 |  896.0 |
          Lair |   5617 |   5306 |    311 |    344 |   2962 |   5 | 1123.4 |
         Swamp |     34 |     34 |      0 |      2 |      0 |   1 |   34.0 |
  Orcish Mines |      3 |      3 |      0 |      0 |      0 |   1 |    3.0 |
      Ice Cave |    548 |    548 |      0 |    275 |      0 |   1 |  548.0 |
      Gauntlet |    439 |    439 |      0 |     82 |      0 |   1 |  439.0 |
               +--------+--------+--------+--------+--------+-----+--------+

Top non-repeatable levels by time:
  Lair:5: 1751 daAuts
     D:8: 1335 daAuts
  Lair:4: 1181 daAuts
     D:3: 1085 daAuts
     D:2: 1063 daAuts
     D:4: 982 daAuts
  Lair:2: 967 daAuts
  Lair:3: 941 daAuts
     D:7: 939 daAuts
    D:11: 933 daAuts
     D:1: 921 daAuts
     D:5: 902 daAuts
     D:6: 889 daAuts
     D:9: 776 daAuts
  Lair:1: 776 daAuts
